 Dungeon Crawl Stone Soup version 0.23.0-3-gf3c87f2 (webtiles) character file.

Game seed: 17875835301029772029

272 Fang the Skirmisher (level 6, -3/39 HPs)
             Began as a Gargoyle Berserker on Feb 22, 2019.
             Was a Believer of Trog.
             Killed from afar by an orc wizard (7 damage)
             ... with a puff of frost
             ... on level 3 of the Dungeon on Feb 24, 2019.
             The game lasted 00:02:59 (1985 turns).

Fang the Skirmisher (Gargoyle Berserker)            Turns: 1985, Time: 00:02:59

Health: -3/39      AC: 17    Str: 22    XL:     6   Next: 23%
Magic:  6/6        EV:  7    Int: 13    God:    Trog [**....]
Gold:   160        SH:  0    Dex:  9    Spells: 5/5 levels left

rFire    . . .     SeeInvis .   a - +0 hand axe
rCold    . . .     Gourm    .   (no shield)
rNeg     + . .     Faith    .   e - +0 plate armour
rPois    ∞         Spirit   .   r - +0 helmet
rElec    +         Reflect  .   (no cloak)
rCorr    .         Harm     .   (no gloves)
MR       .....                  (no boots)
Stlth    ..........             (no amulet)
HPRegen  0.13/turn              (no ring)
MPRegen  0.10/turn              (no ring)

@: brilliant
A: negative energy resistance 1, electricity resistance, unbreathing,
petrification resistance, rot immunity, AC +4
a: Berserk, Trog's Hand, Renounce Religion


You were on level 3 of the Dungeon.
You worshipped Trog.
Trog was pleased with you.
You were not hungry.

You visited 1 branch of the dungeon, and saw 3 of its levels.

You collected 160 gold pieces.

Inventory:

Hand Weapons
 a - a +0 hand axe (weapon)
Armour
 e - a +0 plate armour (worn)
 r - a +0 helmet (worn)
Wands
 j - a wand of random effects (33)
 l - a wand of digging (7)
Scrolls
 d - 2 scrolls of blinking {unknown}
 g - 2 scrolls of identify {unknown}
 i - 2 scrolls of remove curse {unknown}
 o - a scroll of fog {unknown}
Potions
 b - a potion of haste {unknown}
 h - a potion of might {unknown}
 k - a potion of agility {unknown}
 m - a potion of berserk rage {unknown}
 n - a potion of curing {unknown}
 p - a potion of brilliance
 q - a potion of degeneration {unknown}
Comestibles
 c - 5 rations
 f - 19 chunks of flesh


   Skills:
 + Level 4.7 Fighting
 + Level 3.8 Axes
 + Level 3.9 Armour
 + Level 2.9 Dodging


You had 5 spell levels left.
You didn't know any spells.
Your spell library was empty.

Dungeon Overview and Level Annotations

Branches:
Dungeon (3/15)

Altars:
Cheibriados
Fedhas
Okawaru
Qazlal
The Shining One


Innate Abilities, Weirdness & Mutations

You are resistant to torment.
Your stone body is resilient. (AC +4)
You are immune to poison.
You resist negative energy. (rN+)
You are resistant to electric shocks. (rElec)
You can survive without breathing.
You are immune to petrification.
You are immune to rotting.


Message History

You are too injured to fight recklessly!
You are too injured to fight recklessly!
You are too injured to fight recklessly!
You are too injured to fight recklessly!
You are too injured to fight recklessly!
You are too injured to fight recklessly!
You are too injured to fight recklessly!
You are too injured to fight recklessly!
You are too injured to fight recklessly!
You are too injured to fight recklessly!
You are too injured to fight recklessly!
You are too injured to fight recklessly!
It was a potion of brilliance.
You feel clever all of a sudden. The goblin closely misses you.
The orc priest hits you but does no damage.
The orc priest closely misses you. The orc wizard casts a spell at you.
The puff of frost hits you!
You die...

...!...# .......#
).....## #.....#
#.....###
#.......#####
#......$....#
#..o@.......#
#≈≈o§≈#.....#
#g≈o≈g#.....#
#≈≈o≈≈#.....# ####
#..8..#.....####....
#.8_8.#.............
#..8..#.............
#######.[.÷)).......
#...)()###....


You could see 2 orc priests, an orc wizard, an orc and 2 goblins.

Vanquished Creatures
  Sigmund (D:2)
  Robin (D:3)
  2 adders
  2 oozes
  2 leopard geckos (D:1)
  3 orcs (D:3)
  3 bats
  4 giant cockroaches
  7 hobgoblins
  9 jackals
  A frilled lizard (D:1)
  16 goblins
  5 kobolds
  10 rats
66 creatures vanquished.

Notes
Turn   | Place    | Note
-------+----------+-------------------------------------------
     0 | D:1      | Fang the Gargoyle Berserker began the quest for the Orb.
     0 | D:1      | Reached XP level 1. HP: 14/14 MP: 1/1
   458 | D:1      | Reached XP level 2. HP: 8/19 MP: 2/2
  1017 | D:1      | Reached XP level 3. HP: 24/24 MP: 3/3
  1216 | D:2      | Reached ** piety under Trog
  1402 | D:2      | Noticed Sigmund
  1414 | D:2      | Killed Sigmund
  1414 | D:2      | Reached skill level 4 in Fighting
  1414 | D:2      | Reached XP level 4. HP: 27/30 MP: 4/4
  1414 | D:2      | Reached XP level 5. HP: 31/34 MP: 5/5
  1457 | D:2      | Found a stormy altar of Qazlal.
  1464 | D:2      | Found a blossoming altar of Fedhas.
  1639 | D:2      | Found a glowing golden altar of the Shining One.
  1825 | D:3      | Reached XP level 6. HP: 39/39 MP: 6/6
  1837 | D:3      | Found a snail-covered altar of Cheibriados.
  1922 | D:3      | Noticed Robin
  1943 | D:3      | Killed Robin
  1969 | D:3      | Found an iron altar of Okawaru.
  1985 | D:3      | Killed from afar by an orc wizard

Skill      XL: |  1  2  3 |
---------------+----------+-----
Dodging        | 2 |  2.9
Axes           | 3 |  3.8
Fighting       | 4 |  4.7
Armour         | 3 |  3.9

Action                   |  1- 3 |  4- 6 || total
-------------------------+-------+-------++-------
Melee: Hand axe          |   129 |    94 ||   223
Invok: Berserk           |     3 |       ||     3
  Use: Potion            |       |     1 ||     1
  Eat: Chunk             |     4 |     3 ||     7
Armor: Animal skin       |    12 |       ||    12
       Plate armour      |   111 |    90 ||   201
Dodge: Dodged            |    78 |    48 ||   126
